 Dungeon Crawl Stone Soup version 0.32-a0-290-g598725c5f2 (webtiles) character file.

Game seed: 18240566759923051015

63940 SkaryMonk the Placeless Armataur (level 14, -6/77 (80) HPs)
             Began as an Armataur Warper on Feb 13, 2024.
             Was a High Priest of Hepliaklqana.
             Mangled by a +2 long sword of holy wrath (11 damage)
             ... on level 3 of the Abyss.
             The game lasted 01:08:01 (22661 turns).

SkaryMonk the Placeless Armataur (Armataur Warper) Turns: 22661, Time: 01:08:01

HP:   -6/77 (80)    AC: 23    Str:  9    XL:     14   Next: 69%
MP:   24/24         EV:  6    Int: 14    God:    Hepliaklqana [*****.]
Gold: 1314          SH: 12    Dex: 24    Spells: 8/27 levels left

rFire   . . .        G - +1 double sword (elec)
rCold   + + .        J - +0 kite shield
rNeg    + . .        V - +6 pearl dragon scales of Dithmenos's Delight {rC+ rN+ Str-3 Int+3 Dex+8 SInv}
rPois   +            Y - +2 hat
rElec   +            T - +1 cloak of the Sacrificial Victim {rElec Dex+2}
rCorr   +            (no gloves)
SInv    +            (no barding)
Will    +....        (no amulet) Stlth
                     t - ring of protection from fire
HPRegen 0.00/turn    L - ring of poison resistance
MPRegen 0.19/turn

%: random rage (9%), roll
@: about to teleport, resistant, sick, slowed, lightly drained, very slow
A: reduced essence, large, deformed body, tough skin 3, armoured tail, roll 2,
[berserk 2], [dopey 2], [frail 2], [weak 2], [no potion heal 2], [heat
vulnerability 2]
a: Renounce Religion, Recall Ancestor, Ancestor Identity, Transference, Idealise


You were on level 3 of the Abyss.
You worshipped Hepliaklqana.
Hepliaklqana was extremely pleased with you.
You visited 2 branches of the dungeon, and saw 19 of its levels.
You visited the Abyss 1 time.
You also visited: Bailey, Gauntlet and Volcano.

You collected 1417 gold pieces.
You spent 103 gold pieces at shops.

Inventory:

Hand Weapons
 E - a +2 falchion of holy wrath
 G - a +1 double sword of electrocution (weapon)
Missiles
 d - 7 darts of dispersal
 g - 16 poisoned darts
 k - 5 javelins
 y - 6 boomerangs (quivered)
 Q - a throwing net
Armour
 J - a +0 kite shield (worn)
 T - the +1 cloak of the Sacrificial Victim (worn) {rElec Dex+2}
   (You found it in a Gauntlet)

   Dex+2:     It affects your dexterity (+2).
   rElec:     It insulates you from electricity.
 V - the +6 pearl dragon scales of Dithmenos's Delight (worn) {rC+ rN+ Str-3 Int+3 Dex+8 SInv}
   (You took it off a minotaur in a Gauntlet)

   Str-3:     It affects your strength (-3).
   Int+3:     It affects your intelligence (+3).
   Dex+8:     It affects your dexterity (+8).
   rC+:       It protects you from cold.
   rN+:       It protects you from negative energy.
   SInv:      It lets you see invisible.
 Y - a +2 hat (worn)
Jewellery
 b - a ring of fire
 t - a ring of protection from fire (left hand)
 K - a +4 ring of protection
 L - a ring of poison resistance (right hand)
 N - a +6 ring of intelligence
 P - a ring of flight
 R - a ring of protection from fire
 U - a ring of ice
Wands
 r - a wand of flame (30)
 u - a wand of acid (7)
 v - a wand of mindburst (14)
 D - a wand of iceblast (5)
 F - a wand of charming (14)
 W - a wand of digging (6)
Scrolls
 f - 3 scrolls of teleportation
 j - 2 scrolls of amnesia
 l - 5 scrolls of revelation
 m - 2 scrolls of fog
 o - a scroll of enchant armour
 p - 5 scrolls of noise
 z - 2 scrolls of vulnerability
Potions
 a - a potion of brilliance {unknown}
 e - a potion of resistance
 h - 10 potions of curing
 i - 3 potions of lignification
 n - a potion of might
 q - a potion of attraction
 w - a potion of magic {unknown}
 x - 2 potions of haste {unknown}
 A - a potion of mutation
 B - 3 potions of enlightenment
 H - 2 potions of ambrosia {unknown}
 M - a potion of cancellation {unknown}
 O - 3 potions of berserk rage
Miscellaneous
 s - a lightning rod (4/4)
 X - a tin of tremorstones (2/2)


   Skills:
 + Level 8.1 Fighting
 * Level 11.0 Long Blades
 + Level 7.6 Throwing
 + Level 10.1 Armour
 + Level 6.4 Dodging
 + Level 6.0 Shields
 + Level 7.1 Spellcasting
 + Level 11.8 Translocations
 + Level 4.0 Invocations
 + Level 3.8 Evocations


You had 8 spell levels left.
You knew the following spells:

 Your Spells              Type           Power      Damage    Failure   Level
a - Blink                 Tloc           76%        N/A       5%          2
b - Lesser Beckoning      Tloc           76%        N/A       5%          2
c - Teleport Other        Tloc           38%        N/A       11%         3
d - Dimensional Bullseye  Hex/Tloc       10%        N/A       98%         4
e - Manifold Assault      Tloc           38%        N/A       34%         4
f - Vhi's Electric Charg  Tloc/Air       42%        N/A       98%         4

Your spell library contained the following spells:

 Spells                   Type           Power      Damage    Failure   Level
 Foxfire                  Conj/Fire      16%        2x1d4     99%         1
 Ensorcelled Hibernation  Hex/Ice        8%         N/A       100%        2
 Call Canine Familiar     Summ           4%         N/A       100%        3
 Frozen Ramparts          Ice            8%         1d2       100%        3
 Inner Flame              Hex/Fire       4%         N/A       100%        3
 Ozocubu's Armour         Ice            4%         N/A       100%        3
 Passwall                 Erth           4%         N/A       100%        3
 Sigil of Binding         Hex            4%         N/A       100%        3
 Swiftness                Air            4%         N/A       100%        3
 Brom's Barrelling Bould  Conj/Erth      4%         2d3       100%        4
 Leda's Liquefaction      Alch/Erth      2%         N/A       100%        4
 Petrify                  Alch/Erth      4%         N/A       100%        4
 Summon Blazeheart Golem  Fire/Summ      4%         N/A       100%        4
 Irradiate                Conj/Alch      2%         3d12      100%        5
 Metabolic Englaciation   Hex/Ice        2%         N/A       100%        5
 Plasma Beam              Fire/Air       2%         2x1d12    100%        6
 Sculpt Simulacrum        Ice/Alch       2%         N/A       100%        6
 Starburst                Conj/Fire      2%         6d3       100%        6
 Ozocubu's Refrigeration  Ice            2%         4d7       100%        7
 Ignition                 Fire           2%         3d3       100%        8
 Polar Vortex             Ice            2%         N/A       100%        9


Dungeon Overview and Level Annotations

Branches:
Dungeon (14/15)            Temple (0/1) D:7            Lair (5/5) D:9
 Shoals (0/4) Lair:3       Spider (0/4) Lair:3          Orc (0/2) D:9
 Vaults (0/5) D:13         Bailey (visited)         Volcano (visited)
Gauntlet (visited)
  Slime: Lair:4-5

Altars:
Dithmenos
Gozag
Hepliaklqana
Ru
Sif Muna
Uskayaw
The Shining One
Beogh

Shops:
D:1 [   D:5 (   D:9 [


Innate Abilities, Weirdness & Mutations

Your life essence is reduced to manifest your ancestor. (-10% HP)
Armour fits poorly on your strangely shaped body.
You have extremely tough skin. (AC +3)
You have a long armoured tail.
You regenerate magic and health when rolling toward enemies. (Rampage Regen)
[You have an uncontrollable temper.]
[You are very dopey. (Int -4)]
[You are very frail. (-20% HP)]
[You are very weak. (Str -4)]
[Potions cannot restore your health.]
[You are very vulnerable to heat. (rF--)]


Message History

The ufetubus barely misses you.
The +2 long sword of holy wrath hits you but does no damage.
The ufetubus hits you but does no damage.
The ufetubus barely misses you.
The ufetubus hits you but does no damage.
The ufetubus barely misses you.
The ufetubus hits you but does no damage.
You block the ufetubus's attack.
The ufetubus hits you but does no damage.
You block the ufetubus's attack.
The raiju bursts into living lightning!
The living lightning misses the ufetubus.
The living lightning hits the ufetubus!
The ufetubus dies!
The ufetubus disappears in a puff of smoke!
The living lightning hits you. You resist.
* * * LOW HITPOINT WARNING * * *
The raiju blinks! x2; The ufetubus barely misses you.
You block the ufetubus's attack. The ufetubus barely misses you.
The ufetubus hits you but does no damage.
A smoke demon comes into view.
Okay, then.
A +2 long sword of holy wrath comes into view.
Found a runelight.
The ufetubus attacks as it pursues you!
You block the ufetubus's attack. x2; The ufetubus attacks as it pursues you!
You block the ufetubus's attack.
The ufetubus hits you but does no damage.
The ufetubus slips past you!
The ufetubus hits you but does no damage. x2
As you read the scroll of teleportation, it crumbles to dust.
You feel strangely unstable.
You feel the power of the Abyss delaying your translocation!
You block the ufetubus's attack.
The ufetubus hits you but does no damage. x3
A starcursed mass splits.
The lich launches a ball of destructive magic.
You block the ufetubus's attack. x2; The raiju barely misses you.
The +2 long sword of holy wrath hits you!
You die...
Hepliaklqana delivers you to your ancestors.

....# ⌠... #... #..#
#(.# #.. . #5# #
##@##..## #
φ##h5(5.....
#..#_..###.5*.......
.
...§X...5h3L5##..##.
# ...§...XX*.X5# ..#
#.
#..##..##..##...... .
#.#..##.. #.3#
....... #.
#.............##..##.
. ## . .........# ..#


You could see 2 starcursed masses, a lich (fast), a wretched star, a large
abomination, a smoke demon, 2 raiju, a ynoxinul, 2 dancing weapons and 7
ufetubi.

Vanquished Creatures
  A vault guard (D:12)
  A catoblepas (D:13)
  A boulder beetle (D:9)
  2 centaur warriors (D:13)
  3 two-headed ogres
  A sun demon (Gauntlet)
  A pharaoh ant (Lair:3)
  A lindwurm (Lair:5)
  A deep elf pyromancer (D:12)
  A necromancer (D:12)
  An orc sorcerer (Bailey)
  An orc knight (Bailey)
  A manticore (D:12)
  2 black mambas
  A gargoyle (D:12)
  Joseph (D:7)
  9 cane toads
  A komodo dragon (shapeshifter) (D:13)
  3 komodo dragons
  2 trolls
  An ancient zyme (Abyss:3)
  A polar bear (Lair:1)
  6 dream sheep
  A jumping spider (Lair:3)
  Sigmund (D:3)
  A shadow (D:11)
  5 wraiths
  26 yaks
  A wyvern (D:9)
  10 humans
  A steam dragon (D:8)
  4 basilisks
  A redback (Gauntlet)
  6 vampire mosquitoes
  2 acid dragons
  21 water moccasins
  A swamp drake (Lair:3)
  21 orc warriors
  A sky beast (D:6)
  2 black bears
  16 wolves
  An ogre (D:13)
  10 centaurs
  A kobold brigand (D:9)
  7 bullfrogs
  3 scorpions
  3 killer bees (D:9)
  3 electric eels
  A bombardier beetle (D:4)
  4 howler monkeys
  10 orc priests
  7 jellies
  A hound (D:3)
  Natasha (thrice) (D:4)
  2 iguanas (D:5)
  6 orc wizards
  3 hexers
  6 gnolls
  13 adders
  2 white imps
  An ufetubus (D:6)
  7 dart slugs
  2 ribbon worms
  31 orcs
  11 bats
  15 endoplasms
  3 giant cockroaches (D:2)
  12 goblins
  8 hobgoblins
  4 jackals (D:1)
  2 quokkas
  10 ball pythons
  8 frilled lizards
  16 kobolds
  2 rats (D:2)
382 creatures vanquished.

Vanquished Creatures (collateral kills)
  A minotaur (Gauntlet)
  A catoblepas (Lair:2)
  Erolcha (D:12)
  2 boulder beetles (D:12)
  2 centaur warriors (D:13)
  A skyshark (Lair:3)
  An arcanist (D:12)
  A necromancer (D:13)
  An orc sorcerer (Bailey)
  2 cyclopes
  4 manticores
  A black mamba (Lair:5)
  A hellion (Gauntlet)
  2 cane toads
  2 komodo dragons
  A torpor snail (Lair:1)
  Psyche (D:10)
  2 trolls (D:10)
  A polar bear (Lair:3)
  Grinder (D:5)
  9 humans
  9 yaks
  A wyvern (Lair:3)
  A steam dragon (D:8)
  A basilisk (Lair:1)
  3 vampire mosquitoes (D:11)
  10 water moccasins
  3 sky beasts
  3 orc warriors (Bailey)
  A black bear (D:5)
  5 wolves
  2 centaurs
  4 bullfrogs
  A killer bee (D:9)
  2 howler monkeys (D:10)
  2 hounds
  A jelly (Lair:5)
  A gnoll bouda (D:7)
  3 iguanas
  2 orc wizards
  6 gnolls
  4 adders
  An ufetubus (D:6)
  A ribbon worm (D:5)
  15 orcs
  A goblin (D:8)
  A kobold (D:9)
122 creatures vanquished.

Vanquished Creatures (others)
  An orc priest (D:10)
  14 hexers
  2 ancestors
  An orc (D:13)
18 creatures vanquished.

Grand Total: 522 creatures vanquished

Notes
Turn   | Place    | Note
-------+----------+-------------------------------------------
     0 | D:1      | SkaryMonk the Armataur Warper began the quest for the Orb.
     0 | D:1      | Reached XP level 1. HP: 17/17 MP: 3/3
   121 | D:1      | Reached skill level 1 in Throwing
   128 | D:1      | Reached XP level 2. HP: 18/24 MP: 4/4
   332 | D:1      | Found Jel Gihi's Antique Armour Boutique.
   361 | D:1      | Reached XP level 3. HP: 29/29 MP: 6/6
  1035 | D:2      | Reached XP level 4. HP: 33/36 MP: 7/7
  1578 | D:3      | Found an opulent altar of Gozag.
  1579 | D:3      | Found an opulent altar of Gozag.
  1582 | D:3      | Found an opulent altar of Gozag.
  1585 | D:3      | Found an opulent altar of Gozag.
  1972 | D:3      | Found a hide-covered altar of Uskayaw.
  1972 | D:3      | Found a hazy altar of Hepliaklqana.
  1972 | D:3      | Found a sacrificial altar of Ru.
  1972 | D:3      | Found a shadowy altar of Dithmenos.
  1972 | D:3      | Found a shimmering blue altar of Sif Muna.
  1972 | D:3      | Found a glowing golden altar of the Shining One.
  1982 | D:3      | Reached XP level 5. HP: 39/41 MP: 8/8
  2026 | D:3      | Became a worshipper of Hepliaklqana the Forgotten
  2230 | D:3      | Noticed an ice beast
  2757 | D:3      | Reached XP level 6. HP: 10/50 MP: 9/9
  3078 | D:4      | Identified the +9 mace "Impbane" {distort, SInv}
  3091 | D:4      | Noticed Sigmund
  3715 | D:4      | Noticed Natasha
  3721 | D:4      | Killed Natasha
  3840 | D:4      | Noticed Natasha
  3847 | D:4      | Killed Natasha
  3848 | D:4      | Gained mutation: You regenerate magic and health when
                  | rolling toward enemies. (Rampage Regen) [Armataur growth]
  3848 | D:4      | Reached XP level 7. HP: 50/56 MP: 11/11
  3898 | D:4      | Noticed Natasha
  3906 | D:4      | Killed Natasha
  3946 | D:4      | Reached * piety under Hepliaklqana
  4062 | D:4      | Learned a level 2 spell: Blink
  4065 | D:4      | Learned a level 2 spell: Lesser Beckoning
  4127 | D:5      | Entered Level 5 of the Dungeon
  4463 | D:5      | Found Ihiagul's Antique Weapon Emporium.
  4483 | D:5      | Noticed Grinder
  4491 | D:5      | Paralysed by Grinder for 5 turns
  5009 | D:5      | Paralysed by Grinder for 2 turns
  5014 | D:5      | Killed Grinder
  5015 | D:5      | Reached XP level 8. HP: 41/56 MP: 12/12
  5116 | D:6      | Reached skill level 5 in Long Blades
  6674 | D:7      | Reached skill level 5 in Armour
  6742 | D:7      | Reached XP level 9. HP: 59/63 MP: 14/14
  6751 | D:7      | Reached skill level 5 in Translocations
  6830 | D:7      | Reached ** piety under Hepliaklqana
  6831 | D:7      | Remembered your ancestor Uqogam as a hexer
  6843 | D:7      | Found a staircase to the Ecumenical Temple.
  6910 | D:7      | Noticed a komodo dragon
  7294 | D:7      | Noticed Joseph
  7469 | D:8      | Found a flagged portal.
  7480 | Bailey   | Entered a bailey
  7828 | Bailey   | Noticed an orc sorcerer
  7896 | Bailey   | Acquired a +0 double sword of electrocution
  7902 | Bailey   | Noticed a sun demon
  7911 | Bailey   | Killed an orc sorcerer
  7987 | Bailey   | Reached XP level 10. HP: 58/72 MP: 16/16
  7990 | Bailey   | Reached skill level 5 in Fighting
  8297 | Bailey   | Found an iron altar of Okawaru.
  8297 | Bailey   | Noticed an orc sorcerer
  8297 | Bailey   | Noticed an orc knight
  8307 | Bailey   | Noticed a rust devil
  8308 | Bailey   | Noticed a sun demon
  8308 | Bailey   | Killed an orc sorcerer
  8330 | Bailey   | Killed an orc knight
  8411 | Bailey   | Identified the +4 robe of Wrong Decisions {Will+ Str+2
                  | Dex-4}
  8767 | D:8      | Reached skill level 5 in Throwing
  8898 | D:8      | Noticed a two-headed ogre
  8937 | D:8      | Killed a two-headed ogre
  9287 | D:9      | Reached skill level 5 in Spellcasting
  9655 | D:9      | Found a staircase to the Lair.
  9766 | D:9      | Reached *** piety under Hepliaklqana
  9796 | D:9      | Found a staircase to the Orcish Mines.
 10135 | D:9      | Found Foge's Armour Shoppe.
 10207 | D:9      | Noticed a boulder beetle
 10230 | D:9      | Killed a boulder beetle
 10231 | D:9      | Reached XP level 11. HP: 64/80 MP: 18/18
 10494 | D:3      | Killed Sigmund
 10557 | D:1      | Bought a kite shield for 103 gold pieces
 10715 | D:7      | Killed Joseph
 10848 | D:10     | Entered Level 10 of the Dungeon
 10907 | D:10     | Noticed Psyche
 11025 | D:12     | Got the Teachings on Snow and the Quake
 11033 | D:11     | Learned a level 3 spell: Teleport Other
 11038 | D:11     | Learned a level 4 spell: Manifold Assault
 11232 | D:11     | Reached skill level 1 in Shields
 11325 | D:11     | Learned a level 4 spell: Dimensional Bullseye
 11330 | D:11     | Learned a level 4 spell: Vhi's Electric Charge
 11853 | D:10     | Killed Psyche
 12040 | D:10     | Reached skill level 5 in Dodging
 12251 | D:10     | Noticed a two-headed ogre
 12279 | D:10     | Killed a two-headed ogre
 12987 | D:12     | Reached **** piety under Hepliaklqana
 13294 | D:12     | Noticed a two-headed ogre
 13308 | D:12     | Killed a two-headed ogre
 13409 | D:12     | Noticed a boulder beetle
 13420 | D:12     | Killed a boulder beetle
 13718 | D:12     | Noticed a boulder beetle
 13734 | D:12     | Killed a boulder beetle
 13735 | D:12     | Reached XP level 12. HP: 61/87 MP: 19/21
 13923 | D:12     | Noticed Erolcha
 13930 | D:12     | Killed Erolcha
 14379 | D:13     | Noticed a centaur warrior
 14402 | D:13     | Noticed a centaur warrior
 14407 | D:13     | Killed a centaur warrior
 14416 | D:13     | Reached ***** piety under Hepliaklqana
 14486 | D:13     | Noticed a centaur warrior
 14508 | D:13     | Killed a centaur warrior
 14516 | D:13     | Reached XP level 13. HP: 33/93 MP: 22/22
 15438 | D:13     | Found a roughly hewn altar of Beogh.
 15732 | D:13     | Reached skill level 1 in Invocations
 15732 | D:13     | Reached skill level 1 in Evocations
 16172 | D:12     | Reached skill level 10 in Long Blades
 16201 | D:13     | Found a gate to the Vaults.
 17393 | Lair:1   | Entered Level 1 of the Lair of Beasts
 18724 | Lair:2   | Found a gate leading to a gauntlet.
 18733 | Gauntlet | Entered a Gauntlet
 18733 | Gauntlet | Found a transporter.
 18740 | Gauntlet | Noticed a reaper
 18742 | Gauntlet | Found a transporter.
 18753 | Gauntlet | Found a runed translucent door.
 18756 | Gauntlet | Found a transporter.
 18758 | Gauntlet | Found a transporter.
 18768 | Gauntlet | Found a transporter.
 18788 | Gauntlet | Found a transporter.
 18801 | Gauntlet | Found a transporter.
 18820 | Gauntlet | Found a transporter.
 18824 | Gauntlet | Found a transporter.
 18832 | Gauntlet | Found a transporter.
 18851 | Gauntlet | Found the +8 arc blade {discharge, rElec}
 18862 | Gauntlet | Found a transporter.
 18862 | Gauntlet | Found a transporter.
 18961 | Gauntlet | Reached skill level 5 in Shields
 18961 | Gauntlet | Reached XP level 14. HP: 19/101 MP: 18/24
 19199 | Gauntlet | Identified the +1 cloak of the Sacrificial Victim {rElec
                  | Dex+2}
 19436 | Gauntlet | Identified the +6 pearl dragon scales of Dithmenos's
                  | Delight {rC+ rN+ Str-3 Int+3 Dex+8 SInv}
 19455 | Gauntlet | HP: 5/101 [minotaur/javelin (18)]
 19496 | Gauntlet | Got the Discourse on the Smouldering Singularity
 20644 | Lair:3   | Found a staircase to the Shoals.
 21187 | Lair:3   | Found a hole to the Spider Nest.
 21591 | Lair:3   | Reached skill level 10 in Armour
 21814 | Lair:3   | You fall into a shaft and drop 1 floor!
 22175 | Lair:5   | Entered Level 5 of the Lair of Beasts
 22466 | Lair:5   | Found a dark tunnel.
 22512 | Volcano  | Entered a volcano
 22537 | Abyss:2  | Cast into level 2 of the Abyss (an occultist)
 22633 | Abyss:3  | Found a corrupted altar of Lugonu.
 22635 | Abyss:3  | Found a corrupted altar of Lugonu.
 22650 | Abyss:3  | Noticed a lich
 22661 | Abyss:3  | Mangled by a +2 long sword of holy wrath

Illustrated notes

Levels and vault maps discovered:
D:1:      dpeg_arrival_rooms_b, layout_basic, serial_shops,
          nicolae_shop_overgrown_old_shop
D:2:      layout_loops_ring, kennysheep_generic_room_9
D:3:      cheibrodos_fertilizer, layout_loops_ring,
          nicolae_gozag_conspicuous_consumption, kennysheep_cross_room,
          hangedman_decor_slide_cut, minmay_misc_feat_plants, st_stairs_2
D:4:      layout_cave_pools, minmay_gold_behind_fungi, uniq_natasha,
          uniq_sigmund
D:5:      layout_cave_pools, serial_shops, nicolae_shop_waterfront, uniq_grinder
D:6:      layout_layer_cave
D:7:      layout_rooms, minmay_temple_entry_purple_smoke, uniq_joseph
D:8:      layout_basic, enter_bailey_3
D:9:      layout_gridville, lair_entry_dummy, orc_0_dummy, serial_shops,
          nicolae_shop_statue_plus
D:10:     layout_gridville, uniq_psyche
D:11:     layout_roguey, nrook_mini_vaults
D:12:     layout_stronghold, grunt_decor_one_mirror, uniq_erolcha
D:13:     layout_layer_cave, grunt_vaults_entry_tiered, special_room
          [special_room_orc]
D:14:     layout_layer_cave, serial_shops, shop, dreamdust_princess_corridor,
          uniq_jorgrun, uniq_agnes
Lair:1:   layout_roguey
Lair:2:   layout_loops_ring, gauntlet_entry_generic, st_stairs_12,
          grunt_megastairs_5
Lair:3:   lemuel_reptile_caves, layout_layer_cave, minmay_shoals_entry_beasts,
          nicolae_spider_entry_lesser_pyramids, minivault_27
Lair:4:   onia_ninara_swampy_vault, layout_hall_layers, lemuel_fruit_tree
Lair:5:   grunt_lair_end_beastmaster, layout_gridlike,
          nicolae_slime_entry_field_trip, nicolae_volcano_entry_vermiform,
          serial_bayou_lake_a, uniq_urug
Abyss:3:  base: D:14, evilmike_abyss_rune_tso_outpost,
          hangedman_abyss_or_decor_jellyfish_corner, lemuel_flamethrower_2,
          evilmike_abyss_rune_tso_outpost,
          hangedman_abyss_or_decor_jellyfish_corner, evilmike_abyss_exit_13
Volcano:  volcano_bunker

Skill      XL: |  1  2  3  4  5  6  7  8  9 10 11 12 13 14 |
---------------+-------------------------------------------+-----
Throwing       | 1 2 3 4 5 6 7 |  7.6
Long Blades    | 2 3 4 5 6 8 9 10 11 | 11.0
Fighting       | 2 3 4 5 6 7 8 |  8.1
Spellcasting   | 2 3 4 5 6 7 |  7.1
Armour         | 2 3 4 5 6 7 8 9 10 | 10.1
Dodging        | 2 3 4 5 6 |  6.4
Translocations | 4 5 6 7 11 | 11.8
Shields        | 3 5 6 |  6.0
Invocations    | 2 4 |  4.0
Evocations     | 2 3 |  3.8

Action                     |  1- 3 |  4- 6 |  7- 9 | 10-12 | 13-15 || total
---------------------------+-------+-------+-------+-------+-------++-------
  Melee: Falchion          |    98 |   180 |   239 |       |       ||   517
         Tailslap          |    15 |    26 |    41 |    43 |    85 ||   210
         Double sword      |       |       |    11 |   302 |   513 ||   826
  Throw: Dart              |       |    57 |    42 |    42 |     5 ||   146
         Boomerang         |       |       |    28 |    21 |    28 ||    77
         Throwing net      |       |       |       |     1 |       ||     1
   Cast: Blink             |       |       |     7 |     6 |     6 ||    19
         Teleport Other    |       |       |       |     3 |       ||     3
         Manifold Assault  |       |       |       |       |    14 ||    14
 Invoke: Recall Ancestor   |       |       |     4 |     2 |    11 ||    17
         Ancestor Life: He |       |       |     1 |       |       ||     1
         Idealise          |       |       |       |       |     3 ||     3
  Evoke: Wand              |       |       |     5 |    11 |     8 ||    24
         Lightning rod     |       |       |       |       |     4 ||     4
    Use: Scroll            |     4 |     6 |     9 |     8 |     8 ||    35
         Potion            |       |     2 |     2 |     2 |     7 ||    13
   Stab: Sleeping          |     1 |     1 |       |       |     1 ||     3
         Distracted        |       |       |     5 |     2 |    14 ||    21
         Confused          |       |       |     4 |     4 |     9 ||    17
 Armour: Leather armour    |    58 |   151 |   151 |       |       ||   360
         Steam dragon scal |       |       |    39 |    78 |       ||   117
         Robe              |       |       |       |   180 |   182 ||   362
         Skin              |       |       |       |     1 |       ||     1
         Pearl dragon scal |       |       |       |       |   253 ||   253
  Dodge: Dodged            |    50 |    62 |   130 |   174 |   175 ||   591
  Block: Kite shield       |       |       |       |   115 |   335 ||   450

Table legend: (Time is in decaauts)
 A = Elapsed time spent in this place.
 B = Non-inter-level travel time spent in this place.
 C = Inter-level travel time spent in this place.
 D = Time resting spent in this place.
 E = Time spent auto-exploring this place.
 F = Levels seen in this place.
 G = Mean time per level.
                   A        B        C        D        E       F      G
               +--------+--------+--------+--------+--------+-----+--------+
         Total |  22881 |  21500 |   1381 |   3016 |  14137 |  24 |  953.4 |
       Dungeon |  16459 |  15389 |   1070 |   1992 |  10482 |  14 | 1175.6 |
          Lair |   4405 |   4094 |    311 |    570 |   2620 |   5 |  881.0 |
         Abyss |    126 |    126 |      0 |      0 |     70 |   2 |   63.0 |
        Bailey |   1084 |   1084 |      0 |     40 |    792 |   1 | 1084.0 |
       Volcano |     25 |     25 |      0 |      0 |      4 |   1 |   25.0 |
      Gauntlet |    779 |    779 |      0 |    414 |    169 |   1 |  779.0 |
               +--------+--------+--------+--------+--------+-----+--------+

Top non-repeatable levels by time:
    D:13: 2367 daAuts
    D:12: 1836 daAuts
  Lair:2: 1806 daAuts
     D:3: 1587 daAuts
     D:4: 1244 daAuts
    D:11: 1221 daAuts
     D:6: 1209 daAuts
     D:9: 1205 daAuts
     D:5: 1188 daAuts
    D:10: 1166 daAuts
  Lair:3: 1114 daAuts
  Bailey: 1084 daAuts
  Lair:1: 980 daAuts
     D:8: 899 daAuts
     D:2: 863 daAuts
